cohdb
Replays
Latest Replays
All Replays
Popular Replays
Top Player Replays
Match Explorer
How It Works
Community
CoH3 Stats
Reddit
Sign in to upload your games and track your stats! →
Sign in with Steam
Match 24397517
Unlisted
Match 24397517
Overview
Messages
Build Orders
End
Kradschützen Motorcycle Team
Panzergrenadier Squad
Panzergrenadier Squad
Construct Light Support Kompanie
MG34 Team
Fire Support Elements
2.5-tonne Medical Truck
le.IG 18 Mechanized Group
Pak 38 Anti-tank Gun Team
Construct Panzerarmee Kommand
Selects Battlefield Espionage Battlegroup
Veteran Squad Leaders
Panzer III L Medium Tank
Selects 250/3 Funkpanzerwagen
Selects Anti-Tank Incendiary Munitions
Emergency Repair Kits
Panzer III L Medium Tank
Selects Operation Skorpion
Selects Intel Disruption Beacon
Vehicle Survival Package
severedhand
Mephswall
SneaKerz
gb_gbg
0
0
Comments
sign in to comment!
No comments posted yet!